 Dungeon Crawl Stone Soup version 0.20-a0-1124-g2e29d97 (webtiles) character file.

12118 galech the Grappler (level 11, -5/101 HPs)
             Began as a Troll Monk on May 16, 2017.
             Was a High Priest of Okawaru.
             Slain by an orc knight
             ... wielding a +0 glaive
              (17 damage)
             ... in a bailey.
             The game lasted 00:24:08 (9291 turns).

galech the Grappler (Troll Monk)                    Turns: 9291, Time: 00:24:14

Health: -5/101     AC: 10    Str: 24    XL:     11   Next: 58%
Magic:  8/10       EV: 19    Int:  8    God:    Okawaru [*****.]
Gold:   411        SH:  0    Dex: 21    Spells: 10/10 levels left

rFire    . . .     SeeInvis .     - Unarmed
rCold    + . .     Gourm    +   (no shield)
rNeg     . . .     Faith    .   E - +2 robe of Rationality {-Cast *Contam Dex+9}
rPois    .         Spirit   .   (helmet restricted)
rElec    .         Reflect  .   B - +2 cloak
rCorr    +         Harm     .   (gloves unavailable)
MR       .....     NoCast   +   (boots unavailable)
Stlth    +++++.....             i - amulet of magic regeneration
Regen    0.7/turn               x - ring of resist corrosion (curse)
MPRegen  0.2/turn               J - ring of protection from cold

@: heroism, studying Ice Magic
A: unfitting armour, claws 3, clever 1, fast metabolism 3, gourmand, mutation
resistance 1, regeneration 1, shaggy fur 1, tough skin 2, wild magic 1
a: Heroism, Finesse, Renounce Religion


You were in a bailey.
You worshipped Okawaru.
Okawaru was extremely pleased with you.
You were very full.

You visited 3 branches of the dungeon, and saw 14 of its levels.
You also visited: Sewer and Bailey.

You collected 654 gold pieces.
You spent 243 gold pieces at shops.

Inventory:

Armour
 a - a +0 robe
 B - a +2 cloak (worn)
 E - the +2 robe of Rationality (worn) {-Cast *Contam Dex+9}
   (You bought it in a shop on level 7 of the Dungeon)

   It affects your dexterity (+9).
   It prevents spellcasting.
   It causes magical contamination when unequipped.
Jewellery
 i - an amulet of magic regeneration (around neck)
 x - a cursed ring of resist corrosion (left claw)
 I - an uncursed ring of poison resistance {unknown}
 J - a ring of protection from cold (right claw)
Wands
 j - a wand of random effects (35/48)
 u - a wand of polymorph (9/24)
 C - a wand of lightning (3/15)
 H - a wand of flame (18/48)
 L - a wand of paralysis (11/24)
 M - a wand of paralysis (12/24)
 N - a wand of digging (10/24)
Scrolls
 e - 6 scrolls of blinking {unknown}
 f - a scroll of fog
 g - 5 scrolls of fear {unknown}
 h - 5 scrolls of remove curse
 k - 2 scrolls of amnesia
 n - 6 scrolls of teleportation
 o - 2 scrolls of identify
 t - 4 scrolls of enchant armour
 y - 2 scrolls of noise
 F - a scroll of holy word
 G - a scroll of brand weapon
 P - 3 scrolls of recharging
Potions
 c - 2 potions of might
 m - a potion of ambrosia {unknown}
 p - 3 potions of flight {unknown}
 q - 10 potions of curing {unknown}
 r - 4 potions of heal wounds {unknown}
 s - 4 potions of haste {unknown}
 v - 2 potions of mutation {unknown}
 w - 3 potions of invisibility {unknown}
 A - a potion of agility {unknown}
 S - a potion of resistance
 T - a potion of berserk rage {unknown}
Books
 z - a book of Conjurations

   Spells                             Type                      Level
   a - Magic Dart                     Conjuration                  1
   b - Searing Ray                    Conjuration                  2
   c - Dazzling Spray                 Conjuration/Hexes            3
   d - Fulminant Prism                Conjuration/Hexes            4
   e - Force Lance                    Conjuration/Translocation    4
   f - Iskenderun's Mystic Blast      Conjuration                  4
 K - a book of Clouds

   Spells                             Type                      Level
   a - Poisonous Vapours              Poison/Air                   2
   b - Mephitic Cloud                 Conjuration/Poison/Air       3
   c - Conjure Flame                  Conjuration/Fire             3
   d - Freezing Cloud                 Conjuration/Ice/Air          6
   e - Ring of Flames                 Charms/Fire                  7
 O - a book of Misfortune

   Spells                             Type                      Level
   a - Confusing Touch                Hexes                        1
   b - Confuse                        Hexes                        3
   c - Gell's Gravitas                Translocation                3
   d - Petrify                        Transmutation/Earth          4
   e - Metabolic Englaciation         Hexes/Ice                    5
   f - Yara's Violent Unravelling     Hexes/Transmutation          5
 Q - a manual of Ice Magic
Comestibles
 b - 9 bread rations
 d - 13 royal jellies
 l - 7 meat rations
 D - 6 chunks of flesh
 R - 6 fruits


   Skills:
 + Level 4.7(9.7) Fighting
 + Level 6.7(11.7) Dodging
 + Level 4.2(9.2) Stealth
 + Level 14.6(19.6) Unarmed Combat
 + Level 0.3 Invocations


You had 10 spell levels left.
You didn't know any spells.

Dungeon Overview and Level Annotations

Branches:
Dungeon (12/15)            Temple (1/1) D:5            Lair (0/6) D:10
    Orc (1/2) D:11

Altars:
Ashenzari
Cheibriados
Dithmenos
Elyvilon
Fedhas
Gozag
Hepliaklqana
Kikubaaqudgha
Makhleb
Nemelex Xobeh
Okawaru
Qazlal
Ru
Sif Muna
Trog
Uskayaw
Vehumet
Wu Jian
Xom
Yredelemnul
Zin
The Shining One

Shops:
D:4 [   D:5 *((:   D:6 (   D:7 =[   D:8 !!


Innate Abilities, Weirdness & Mutations

You are too large for most types of armour.
You have claws for hands.
Your metabolism is lightning-fast.
You like to eat raw meat.
Your natural rate of healing is unusually fast.
You are covered in fur. (AC +1)
You have very tough skin. (AC +2)
Your mind is acute. (Int +2)
You are somewhat resistant to further mutation.
Your spells are a little harder to cast, but a little more powerful.


Message History

Wisps of shadow swirl around the orc knight.
You claw the orc knight!
The orc knight is moderately wounded.
The orc knight hits you with a glaive!!
You barely miss the orc knight.
The orc knight is moderately wounded.
The orc wizard points at you and mumbles some strange words.
The magic dart hits you!
The orc warrior hits you but does no damage.
The orc priest casts a cantrip, but nothing happens.
The orc knight roars a battlecry!
The orcs go into a battle-frenzy!
You gain the combat prowess of a mighty hero.
The gnoll hits you with a club. The gnoll closely misses you.
The orc warrior hits you with a battleaxe of flaming!!
* * * LOW HITPOINT WARNING * * *
The orc warrior burns you!
* * * LOW HITPOINT WARNING * * *
The orc knight hits you with a glaive!
You die...

##)))).##
###)###
#...#
#...#
#...#
#...#
###)###
##).)o.##
#...g.@.#
#...oog.#
#.....g.#
#.....o.#
#.......#
#.).....#
#.))))).#
#...))).#
#∩..)))∩#


You could see an orc knight, an orc warrior, an orc priest, an orc wizard and 3
gnolls.

Vanquished Creatures
  2 two-headed ogres
  Nergalle (D:11)
  An orc knight (Bailey)
  Maurice (D:8)
  A gargoyle (D:9)
  Grinder (D:6)
  A troll (D:10)
  3 hippogriffs
  A slime creature (D:11)
  Sigmund (D:2)
  A vampire (D:11)
  6 yaks
  A hungry ghost (D:10)
  A soldier ant (D:12)
  A porcupine (D:10)
  11 orc warriors
  2 water moccasins
  3 ice beasts
  2 black bears (D:10)
  2 sky beasts
  3 ogres
  A crocodile (D:7)
  2 centaurs
  4 big kobolds
  2 bullfrogs
  2 wyvern zombies
  A gnoll sergeant (D:8)
  A wyvern skeleton (D:6)
  3 scorpions
  20 killer bees
  4 wights (D:10)
  3 lava snakes (D:7)
  5 bullfrog zombies
  3 centaur zombies
  2 crimson imps
  A quasit (D:10)
  7 hounds
  A bullfrog skeleton (D:6)
  3 orc priests
  2 gnoll shamans
  9 jellies
  2 centaur skeletons
  Jessica (D:2)
  5 iguanas
  Terence (D:2)
  8 orc wizards
  14 worker ants
  3 hound zombies (D:6)
  A hound skeleton (D:6)
  A howler monkey zombie (D:6)
  2 worker ant zombies (D:5)
  9 gnolls
  A howler monkey skeleton (D:6)
  17 adders
  2 river rats (Sewer)
  A shadow imp (D:9)
  8 oozes
  An adder zombie (D:6)
  2 adder skeletons (D:6)
  7 worms
  5 leopard geckos
  65 orcs
  4 ball pythons
  10 bats
  5 giant cockroaches
  9 goblins
  7 hobgoblins
  17 jackals
  20 kobolds
  7 quokkas
  3 frilled lizards (D:1)
  2 giant cockroach zombies (D:6)
  A leopard gecko skeleton (D:4)
  A leopard gecko zombie (D:6)
  6 rats
  A withered plant (D:6)
371 creatures vanquished.

Notes
Turn   | Place    | Note
-------+----------+-------------------------------------------
     0 | D:1      | galech the Troll Monk began the quest for the Orb.
     0 | D:1      | Reached XP level 1. HP: 22/22 MP: 0/0
   128 | D:1      | Reached XP level 2. HP: 29/29 MP: 1/1
   200 | D:1      | Found a sparkling altar of Nemelex Xobeh.
   316 | D:1      | Reached XP level 3. HP: 34/36 MP: 2/2
   475 | D:2      | Noticed Jessica
   483 | D:2      | Killed Jessica
   524 | D:2      | Found a deep blue altar of Sif Muna.
   622 | D:2      | Reached skill level 4 in Unarmed Combat
   693 | D:2      | Noticed Sigmund
   697 | D:2      | Reached XP level 4. HP: 43/44 MP: 3/3
   720 | D:2      | Killed Sigmund
   720 | D:2      | Reached skill level 5 in Unarmed Combat
   720 | D:2      | Reached XP level 5. HP: 6/52 MP: 4/4
   961 | D:2      | Noticed Terence
   966 | D:2      | Killed Terence
   966 | D:2      | Reached XP level 6. HP: 58/59 MP: 5/5
  1330 | D:3      | Found a glowing drain.
  1377 | Sewer    | Entered a sewer
  1579 | Sewer    | Reached skill level 6 in Unarmed Combat
  1579 | Sewer    | Reached XP level 7. HP: 58/67 MP: 6/6
  2143 | D:4      | Reached skill level 7 in Unarmed Combat
  2169 | D:4      | Found a snail-covered altar of Cheibriados.
  2375 | D:4      | Found Pastup Waoc's Antique Armour Shop.
  2446 | D:4      | Found a hazy altar of Hepliaklqana.
  2604 | D:4      | Found an ornate altar of the Wu Jian Council.
  2677 | D:5      | Entered Level 5 of the Dungeon
  2687 | D:5      | Found Efroh Jirra's Weapon Shoppe.
  2794 | D:5      | Reached XP level 8. HP: 60/75 MP: 7/7
  2905 | D:5      | Reached skill level 8 in Unarmed Combat
  3075 | D:5      | Found Ajul's Book Shoppe.
  3273 | D:5      | Found Ufanero's Weapon Shop.
  3297 | D:5      | Found Fenuere's General Store.
  3300 | D:5      | Bought a scroll of remove curse for 45 gold pieces
  3300 | D:5      | Bought a scroll of teleportation for 45 gold pieces
  3323 | D:5      | Found a staircase to the Ecumenical Temple.
  3339 | D:5      | Found an ornate altar of the Wu Jian Council.
  3348 | Temple   | Entered the Ecumenical Temple
  3433 | Temple   | Became a worshipper of Warmaster Okawaru
  3433 | Temple   | Reached * piety under Okawaru
  3433 | Temple   | Reached ** piety under Okawaru
  4185 | D:6      | Found Nugubb's Antique Weapon Shop.
  4300 | D:6      | Reached skill level 9 in Unarmed Combat
  4334 | D:6      | Noticed Grinder
  4344 | D:6      | Killed Grinder
  4502 | D:7      | Found Odemehu's Antique Armour Shop.
  4561 | D:7      | Reached XP level 9. HP: 78/84 MP: 8/8
  4566 | D:7      | Bought a twisted robe for 153 gold pieces
  4586 | D:7      | Identified the +2 robe of Rationality {-Cast *Contam Dex+9} (You bought it in a shop on level 7 of the Dungeon)
  4634 | D:7      | Found a basalt altar of Yredelemnul.
  4876 | D:7      | Reached skill level 5 in Dodging
  4903 | D:7      | Reached skill level 10 in Unarmed Combat
  4965 | D:7      | Found Ludoud's Jewellery Emporium.
  4989 | D:7      | Reached *** piety under Okawaru
  5191 | D:7      | Found a bloodstained altar of Trog.
  5331 | D:8      | Noticed Maurice
  5337 | D:8      | Noticed a two-headed ogre
  5460 | D:8      | Killed a two-headed ogre
  5460 | D:8      | Reached skill level 11 in Unarmed Combat
  5552 | D:8      | Killed Maurice
  5552 | D:8      | Reached **** piety under Okawaru
  5725 | D:8      | Reached XP level 10. HP: 92/92 MP: 9/9
  5812 | D:8      | Found Gecuikigg's Distillery.
  5930 | D:8      | Found Qocunihi's Distillery.
  5940 | D:8      | Gained mutation: Your mind is acute. (Int +2) [mutagenic meat]
  5941 | D:8      | Gained mutation: Your spells are a little harder to cast, but a little more powerful. [mutagenic meat]
  5942 | D:8      | Gained mutation: You are somewhat resistant to further mutation. [mutagenic meat]
  6083 | D:8      | Reached skill level 12 in Unarmed Combat
  6242 | D:10     | Entered Level 10 of the Dungeon
  6326 | D:9      | Noticed a gargoyle
  6336 | D:9      | Killed a gargoyle
  6572 | D:9      | You fall through a shaft for 3 floors!
  6616 | D:12     | Noticed a two-headed ogre
  6788 | D:11     | Reached ***** piety under Okawaru
  6941 | D:10     | Reached skill level 13 in Unarmed Combat
  7043 | D:10     | Noticed a two-headed ogre
  7048 | D:10     | Killed a two-headed ogre
  7055 | D:10     | Reached XP level 11. HP: 83/101 MP: 10/10
  7489 | D:10     | Found a staircase to the Lair.
  7887 | D:11     | Noticed Nergalle
  7902 | D:11     | Killed Nergalle
  7902 | D:11     | Received a gift from Okawaru
  7902 | D:11     | Reached skill level 14 in Unarmed Combat
  7919 | D:11     | Got a twisted giant spiked club {god gift}
  7920 | D:11     | Identified the +3 giant spiked club of the Neverending Wars {protect, *Slow Fragile rC++ MR+++} (Okawaru gifted it to you on level 11 of the Dungeon)
  8205 | D:11     | Found a staircase to the Orcish Mines.
  8807 | Orc:1    | Entered Level 1 of the Orcish Mines
  8851 | Orc:1    | Found a flagged portal.
  8861 | Bailey   | Entered a bailey
  9147 | Bailey   | Noticed an orc knight
  9250 | Bailey   | Killed an orc knight
  9283 | Bailey   | Noticed an orc knight
  9291 | Bailey   | Slain by an orc knight

Vault maps used:
D:1:      saegor_arrival_miasma, nemelex_diamond_rough_becter
D:2:      kb_forest_paths, overflow_temple_1_default, uniq_sigmund,
          uniq_jessica, uniq_terence
D:3:      portal_sewer_entry_a
D:4:      kennysheep_mini, nicolae_overflow_crystal_walls, lemuel_doored_altar,
          hex_tiny, kennysheep_windowed_goal
D:5:      minmay_temple_entry_glass, serial_shops, nicolae_shop_behind_doors,
          nicolae_shop_statue_plus, shop_statue, shop_statue,
          serial_co_window_serial, co_window_of_opportunity_a,
          co_window_paths_a, co_window_paths_b, co_window_paths_b,
          co_window_paths_b, co_window_paths_a, co_window_of_opportunity_a,
          co_window_broadway_c, co_window_broadway_a, co_window_broadway_c,
          co_window_paths_c, first_bread, lemuel_tele_altar
D:6:      serial_shops, nicolae_shop_behind_doors, serial_undead,
          serial_undead_b, serial_undead_d, serial_undead_b, serial_undead_c,
          serial_undead_b, serial_undead_c, serial_undead_d, serial_undead_e,
          uniq_grinder
D:7:      kennysheep_big_flooded_room, lemuel_coloured_pillars_altar,
          serial_shops, shop, nicolae_shop_waterfront, basic_altar
D:8:      serial_shops, kennysheep_little_box, shop, uniq_maurice
D:10:     grunt_lair_entry_orc_guard_hut
D:11:     hiddenorc2_lemuel, hangedman_little_slice_of_home, uniq_nergalle
D:12:     uniq_josephine
Temple:   minmay_crystal_spiral_temple
Orc:1:    enter_bailey_2, guppyfry_library_mini
Sewer:    sewer_co_15_rooms
Bailey:   bailey_polearm_5, bailey

Skill      XL: |  1  2  3  4  5  6  7  8  9 10 11 |
---------------+----------------------------------+-----
Unarmed Combat | 4 5 6 7 9 11 13 14 | 14.6
Dodging        | 3 4 5 6 |  6.7
Fighting       | 3 4 |  4.7
Stealth        | 2 3 4 |  4.2
Invocations    | |  0.3

Action                   |  1- 3 |  4- 6 |  7- 9 | 10-12 || total
-------------------------+-------+-------+-------+-------++-------
Melee: Unarmed           |    87 |   122 |   360 |   415 ||   984
       Punch             |     1 |     4 |    20 |    30 ||    55
Invok: Heroism           |       |       |     1 |     3 ||     4
  Use: Scroll            |       |       |     1 |     9 ||    10
 Stab: Sleeping          |     3 |     3 |     6 |    10 ||    22
       Distracted        |       |     1 |     1 |     2 ||     4
  Eat: Chunk             |    12 |     8 |    38 |    42 ||   100
Armor: Robe              |    53 |    26 |    78 |    93 ||   250
       Skin              |       |       |     1 |       ||     1
Dodge: Dodged            |    53 |    53 |   166 |   326 ||   598
